 Dungeon Crawl Stone Soup version 0.21.1-1-g345015f (webtiles) character file.

42 Iko the Vexing (level 3, -2/33 HPs)
             Began as a Troll Arcane Marksman on June 9, 2018.
             Was an Initiate of Trog.
             Shot with an arrow by a centaur (8 damage)
             ... on level 5 of the Dungeon.
             The game lasted 00:05:37 (708 turns).

Iko the Vexing (Troll Arcane Marksman)               Turns: 708, Time: 00:05:38

Health: -2/33      AC:  5    Str: 17 (18) XL:     3   Next: 33%
Magic:  3/3        EV: 10    Int:  7 (10) God:    Trog [......]
Gold:   80         SH:  0    Dex:  8 (10) Spells: 3/4 levels left

rFire    . . .     SeeInvis .   a - +0 shortbow
rCold    . . .     Gourm    +   (shield currently unavailable)
rNeg     . . .     Faith    .   e - +0 robe
rPois    .         Spirit   .   (helmet restricted)
rElec    .         Reflect  .   (no cloak)
rCorr    .         Harm     .   (gloves unavailable)
MR       .....                  (boots unavailable)
Stlth    +.........             (no amulet)
HPRegen  0.51/turn              (no ring)
MPRegen  0.08/turn              (no ring)

@: no status effects
A: large, unfitting armour, claws 3, fast metabolism 3, gourmand, regeneration
1, shaggy fur 1, tough skin 2
a: Burn Spellbooks, Renounce Religion


You were on level 5 of the Dungeon.
You worshipped Trog.
Trog was noncommittal.
You were not hungry.

You visited 1 branch of the dungeon, and saw 5 of its levels.

You collected 80 gold pieces.

Inventory:

Hand Weapons
 a - a +0 shortbow (weapon)
Missiles
 d - 5 arrows (quivered)
Armour
 e - a +0 robe (worn)
Scrolls
 b - a scroll of immolation
 g - a scroll of identify
Books
 c - a book of Debilitation

   Spells                             Type                      Level
   a - Corona                         Hexes                        1
   b - Slow                           Hexes                        2
   c - Inner Flame                    Hexes/Fire                   3
   d - Portal Projectile              Hexes/Translocation          3
   e - Cause Fear                     Hexes                        4
   f - Leda's Liquefaction            Hexes/Earth                  4
   Trog disapproves of the use of such an item.
Comestibles
 f - 2 rations


   Skills:
 + Level 1.2 Fighting
 + Level 1.9 Bows
 + Level 1.6 Dodging
 - Level 1.0 Spellcasting
 - Level 2.3 Hexes


You had 3 spell levels left.
You knew the following spells:

 Your Spells              Type           Power        Failure   Level  Hunger
a - Corona                Hex            #......      16%         1    ##.....


Dungeon Overview and Level Annotations

Branches:
Dungeon (5/15)
 Temple: D:4-7

Altars:
Trog


Innate Abilities, Weirdness & Mutations

You are too large for most types of armour.
You have claws for hands.
Your metabolism is lightning-fast.
You like to eat raw meat.
Your natural rate of healing is unusually fast.
You are covered in fur. (AC +1)
You have very tough skin. (AC +2)


Message History

Found a scroll of identify.
A centaur comes into view.
The centaur shouts!
The centaur wields a shortbow.
The centaur shoots an arrow.
The arrow hits you!
You see here an arrow.
The centaur shoots an arrow.
The arrow barely misses you.
Firing (i - inventory):
d - 7 arrows (quivered)
Press: ? - help, Shift-Dir - straight line, f - centaur
Aim: a centaur, wielding a shortbow You shoot an arrow.
The arrow hits the centaur but does no damage.
The centaur shoots an arrow.
The arrow hits you!
The centaur shoots an arrow.
The arrow hits you!
* * * LOW HITPOINT WARNING * * *
Firing (i - inventory):
d - 6 arrows (quivered)
Press: ? - help, Shift-Dir - straight line, f/p - centaur
Aim: a centaur, wielding a shortbow You shoot an arrow.
The arrow barely misses the centaur.
The centaur shoots an arrow.
The arrow hits you!
You die...

#..(....#
#..c....#
#.......#
#.......#
#...?...# #
#.......#.##
#...........
####...@....#
#.#####(###.#
#.### #.#
#.#####...# #.#
#.......#.###.#
##########.#.....#
<..........#######
############


You could see a centaur.

Vanquished Creatures
  A gnoll (D:1)
  A worm (D:2)
  A leopard gecko (D:2)
  A bat (D:2)
  A giant cockroach (D:2)
  5 hobgoblins
  A quokka (D:4)
  A frilled lizard (D:2)
  2 goblins
  3 kobolds (D:2)
  14 rats
31 creatures vanquished.

Notes
Turn   | Place    | Note
-------+----------+-------------------------------------------
     0 | D:1      | Iko the Troll Arcane Marksman began the quest for the Orb.
     0 | D:1      | Reached XP level 1. HP: 18/18 MP: 1/1
    46 | D:1      | Reached XP level 2. HP: 21/26 MP: 2/2
   243 | D:2      | Reached skill level 1 in Fighting
   306 | D:2      | Reached XP level 3. HP: 33/33 MP: 3/3
   605 | D:2      | Found a bloodstained altar of Trog.
   616 | D:2      | Became a worshipper of Trog the Wrathful
   652 | D:3      | You fall through a shaft!
   680 | D:5      | Entered Level 5 of the Dungeon
   705 | D:5      | Noticed a centaur
   708 | D:5      | Shot with an arrow by a centaur

Skill      XL: |  1  2 |
---------------+-------+-----
Fighting       | 1 |  1.2
Bows           | |  1.9
Dodging        | |  1.6
Spellcasting   | |  1.0
Hexes          | |  2.3

Action                   || total
-------------------------++-------
 Fire: Shortbow          ||    91
 Cast: Corona            ||     1
  Use: Scroll            ||     3
       Potion            ||     2
  Eat: Ration            ||     1
Armor: Robe              ||    17
Dodge: Dodged            ||    26
